 Dungeon Sprint DCSS version 0.27.1-33-g824d729ab1 (webtiles) character file.

Game seed: 2685470620153980593

25 manyhoops the Covert (level 2, -1/19 HPs)
             Began as a Spriggan Enchanter on Dec 3, 2021.
             Slain by an ogre (20 damage)
             ... in the Dungeon (Sprint I: "Red Sonja").
             The game lasted 00:00:11 (11 turns).

manyhoops the Covert (Spriggan Enchanter)             Turns: 11, Time: 00:00:12

Health: -1/19      AC:  2    Str:  4    XL:     2   Next: 82%
Magic:  6/6        EV: 17    Int: 16    God:
Gold:   0          SH:  0    Dex: 15    Spells: 5/6 levels left

rFire    . . .     SeeInvis +   a - +1 dagger
rCold    . . .     Faith    .   (shield restricted)
rNeg     . . .     Spirit   .   b - +0 robe
rPois    .         Reflect  .   (helmet restricted)
rElec    .         Harm     .   (no cloak)
rCorr    .         Rampage  .   (gloves unavailable)
Will     .....     NoTele   +   (boots unavailable)
Stlth    ..........             (no amulet)
HPRegen  0.06/turn              (no ring)
MPRegen  0.10/turn              (no ring)

@: berserking, very quick
A: very small, no large weapons, unfitting armour, see invisible, speed 3
a: no special abilities


You were in the Dungeon.
You visited 1 branch

Inventory:

Hand Weapons
 a - a +1 dagger (weapon)
Armour
 b - a +0 robe (worn)
Wands
 i - a wand of polymorph (7)
Scrolls
 h - a scroll of blinking
Potions
 c - a potion of curing
 d - a potion of heal wounds
 e - a potion of haste
 f - 2 potions of magic


   Skills:
 - Level 1.1 Short Blades
 - Level 2.6 Dodging
 + Level 10.0 Stealth
 - Level 2.6 Spellcasting
 - Level 3.6 Hexes


You had 5 spell levels left.
You knew the following spells:

 Your Spells              Type           Power      Damage    Failure   Level
a - Corona                Hex            14%        N/A       4%          1

Your spell library contained the following spells:

 Spells                   Type           Power      Damage    Failure   Level
 Confusing Touch          Hex            13%        N/A       13%         3
 Tukima's Dance           Hex            13%        N/A       13%         3
 Ensorcelled Hibernation  Hex/Ice        14%        N/A       14%         2
 Dazzling Flash           Conj/Hex       14%        N/A       28%         3


Dungeon Overview and Level Annotations

Branches:
Dungeon (1/1)

Altars:


Innate Abilities, Weirdness & Mutations

You are very small and have problems with some larger weapons.
You are too small for most types of armour.
You have supernaturally acute eyesight. (SInv)
You cover ground extremely quickly. (Speed+++)


Message History

You add the spells Corona, Ensorcelled Hibernation, Confusing Touch, Tukima's Dance and Dazzling Flash to your library.
Welcome, manyhoops the Spriggan Enchanter.
Press ? for a list of commands and other information.
Found a staircase leading out of the dungeon.
You open the door.
Ijyb the Twisted Goblin comes into view.
She is wielding a +3 spectral club and carrying a wand of polymorph (7).
There is an open door here.
The helpless Ijyb fails to defend herself.
You impale Ijyb!!
Ijyb is almost dead.
Ijyb misses you.
You hit Ijyb.
You kill Ijyb!
Your Stealth skill gained 6 levels and is now at level 10!
You have reached level 2!
i - a wand of polymorph (7)
Things that are here:
a +3 spectral club; a +0 leather armour; the goblin corpse of Ijyb You open the door.
An ogre comes into view. It is wielding a +0 giant spiked club.
There is an open door here.
A red film seems to cover your vision as you go berserk!
You feel yourself moving faster!
You feel mighty!
The ogre shouts!
The ogre hits you with a +0 giant spiked club!!
Ouch! That really hurt!
You die...

##########
#<.#.)'@.#
#..'..#.O+
#..#####+#
#..# #..#
#..# #⌠⌠#
####


You could see an ogre.

Vanquished Creatures
  Ijyb (D)
1 creature vanquished.

Notes
Turn   | Place    | Note
-------+----------+-------------------------------------------
     0 | D        | manyhoops the Spriggan Enchanter began the quest for the
                  | Orb.
     0 | D        | Reached XP level 1. HP: 9/9 MP: 5/5
     1 | D        | Noticed Ijyb
     5 | D        | Killed Ijyb
     6 | D        | Reached skill level 10 in Stealth
     6 | D        | Reached XP level 2. HP: 13/13 MP: 6/6
     8 | D        | Noticed an ogre
    11 | D        | Slain by an ogre

Illustrated notes

Levels and vault maps discovered:
D:        dungeon_sprint_1 [red_sonja_temple_1, red_sonja_temple_small_1]

Skill      XL: |  1 |
---------------+----+-----
Stealth        | 10 | 10.0
Short Blades   | |  1.1
Dodging        | |  2.6
Spellcasting   | |  2.6
Hexes          | |  3.6

Action                   || total
-------------------------++-------
Melee: Dagger            ||     2
  Use: Potion            ||     1
 Stab: Sleeping          ||     1
Dodge: Dodged            ||     1
